 Dungeon Crawl Stone Soup version 0.28.0-47-ge53b351184 (webtiles) character file.

Game seed: 2477231391060511114

121 Gabide the Grave Robber (level 4, -1/32 HPs)
             Began as a Mummy Necromancer on Apr 27, 2022.
             Slain by Robin
             ... wielding a +0 spear
              (4 damage)
             ... on level 3 of the Dungeon.
             The game lasted 00:04:23 (3041 turns).

Gabide the Grave Robber (Mummy Necromancer)         Turns: 3041, Time: 00:04:24

Health: -1/32      AC:  3    Str: 11    XL:     4   Next: 76%
Magic:  1/9        EV: 12    Int: 16    God:
Gold:   93         SH:  0    Dex: 12    Spells: 6/10 levels left

rFire   x . .      SeeInvis .   c - +1 dagger (drain)
rCold   + . .      Faith    .   (no shield)
rNeg    + + +      Spirit   .   a - +0 robe
rPois   ∞          Reflect  .   (no helmet)
rElec   .          Harm     .   (no cloak)
rCorr   .          Rampage  .   b - +0 pair of gloves
Will    .....                   (no boots)
Stlth   ++........              (no amulet)
HPRegen 0.10/turn               (no ring)
MPRegen 0.11/turn               (no ring)

@: no status effects
A: cold resistance 1, negative energy resistance 3, torment resistance 2, heat
vulnerability 1, no potions
a: no special abilities


You were on level 3 of the Dungeon.
You visited 1 branch of the dungeon, and saw 3 of its levels.

You collected 93 gold pieces.

Inventory:

Hand Weapons
 c - a +1 dagger of draining (weapon)
Armour
 a - a +0 robe (worn)
 b - a +0 pair of gloves (worn)
Magical Staves
 d - a staff of air
Scrolls
 e - 2 scrolls of teleportation {unknown}
 f - a scroll of silence {unknown}
 g - a scroll of identify {unknown}
 h - a scroll of magic mapping {unknown}
 i - a scroll of vulnerability {unknown}


   Skills:
 * Level 1.4 Fighting
 * Level 2.5 Dodging
 + Level 2.0 Stealth
 * Level 3.6 Spellcasting
 * Level 4.6 Necromancy


You had 6 spell levels left.
You knew the following spells:

 Your Spells              Type           Power      Damage    Failure   Level
a - Pain                  Necr           68%        1d7       2%          1
b - Vampiric Draining     Necr           17%        2d7       8%          3

Your spell library contained the following spells:

 Spells                   Type           Power      Damage    Failure   Level
 Animate Skeleton         Necr           34%        N/A       2%          1
 Animate Dead             Necr           8%         N/A       26%         4
 Agony                    Necr           17%        N/A       58%         5


Dungeon Overview and Level Annotations

Branches:
Dungeon (3/15)

Altars:

Shops:
D:1 *

Annotations:
D:3 Robin


Innate Abilities, Weirdness & Mutations

You are immune to poison.
Your flesh is cold resistant. (rC+)
You are immune to negative energy. (rN+++)
You are immune to unholy pain and torment.
You are vulnerable to heat. (rF-)
You do not drink.


Message History

You hit Robin.
Robin is lightly wounded.
Robin misses you.
You closely miss Robin. Robin closely misses you.
You hit Robin.
Robin is moderately wounded.
Robin hits you with a +0 spear.
* * * LOW HITPOINT WARNING * * *
You hit Robin. You drain Robin.
Robin is heavily wounded.
Robin misses you.
You hit Robin.
Robin is heavily wounded.
Robin hits you with a +0 spear.
* * * LOW HITPOINT WARNING * * *
Aiming: Pain (safe; 2% risk of failure)
Press: ? - help, Q - select action Shift-Dir - straight line, f - Robin
Aim: Robin, wielding a +0 spear, wearing a +0 animal skin and wearing the -2 helmet of the Eternal Fruit {Str+5} (heavily wounded, heavily drained, chance to affect: 84%) Robin writhes in agony.
Robin hits you with a +0 spear.
* * * LOW HITPOINT WARNING * * *
You closely miss Robin.
Robin is heavily wounded.
Robin barely misses you.
You completely miss Robin.
Robin is heavily wounded.
Robin closely misses you.
You barely miss Robin.
Robin is heavily wounded.
Robin hits you but does no damage.
You hit Robin but do no damage. You drain Robin.
Robin is severely wounded.
Robin closely misses you.
You closely miss Robin.
Robin is severely wounded.
Robin hits you but does no damage.
You hit Robin.
Robin is severely wounded.
Robin hits you with a +0 spear.
You die...

####################!
#...................#
#.######..###.######.
#. #..##...##
#.######..#.....#
#.##......##)))##
#.##.###.####.##
#.##.# #.# #@#
#.##.###.# #g#
####........# #'#
#.........### †).
#.#†.......# .....
#.#.##..#..# .......
#.#.#...#..#......:..
...........+........<+
#..........#.!.b....g#


You could see Robin (drained).

Vanquished Creatures
  2 gnolls (D:3)
  2 adders
  2 dart slugs (D:1)
  An orc (D:2)
  11 bats
  8 endoplasms
  3 giant cockroaches
  15 goblins
  6 hobgoblins
  2 quokkas
  7 ball pythons
  6 frilled lizards
  3 kobolds (D:2)
  4 rats
72 creatures vanquished.

Notes
Turn   | Place    | Note
-------+----------+-------------------------------------------
     0 | D:1      | Gabide the Mummy Necromancer began the quest for the Orb.
     0 | D:1      | Reached XP level 1. HP: 13/13 MP: 4/4
   301 | D:1      | Reached XP level 2. HP: 14/20 MP: 0/5
   890 | D:1      | Found Weahevua's Assorted Antiques.
   937 | D:1      | Reached XP level 3. HP: 25/25 MP: 5/7
  1166 | D:2      | Found a faded altar of an unknown god.
  1176 | D:1      | Reached skill level 1 in Fighting
  1363 | D:1      | Learned a level 3 spell: Vampiric Draining
  1960 | D:2      | Reached XP level 4. HP: 32/32 MP: 7/9
  3003 | D:3      | Identified the -2 helmet of the Eternal Fruit {Str+5}
  3003 | D:3      | Noticed Robin
  3041 | D:3      | Slain by Robin

Illustrated notes

Levels and vault maps discovered:
D:1:      dpeg_arrival_signposts, layout_loops_cross, serial_shops, shop
D:2:      minmay_alternating_diamond, layout_basic,
          hellmonk_ecumenical_altar_blasted
D:3:      layout_loops_corners, item_on_display_a, uniq_robin

Skill      XL: |  1  2  3 |
---------------+----------+-----
Spellcasting   | 3 |  3.6
Fighting       | 1 |  1.4
Dodging        | 2 |  2.5
Stealth        | 2 |  2.0
Necromancy     | |  4.6

Action                   |  1- 3 |  4- 6 || total
-------------------------+-------+-------++-------
Melee: Unarmed           |    16 |       ||    16
       Dagger            |     4 |    27 ||    31
 Cast: Pain              |    78 |    51 ||   129
       Vampiric Draining |       |     2 ||     2
Armor: Robe              |     6 |    21 ||    27
Dodge: Dodged            |    27 |    45 ||    72
